 Dungeon Crawl Stone Soup version 0.30-a0-738-g116ff8c4af (webtiles) character file.

Game seed: 12579123184785034539

50 Leeroy the Grasshopper (level 3, -3/18 HPs)
             Began as a Vine Stalker Warper on Feb 3, 2023.
             Killed from afar by Ijyb (13 damage)
             ... with a bolt of acid
             ... on level 3 of the Dungeon.
             The game lasted 00:01:34 (1672 turns).

Leeroy the Grasshopper (Vine Stalker Warper)        Turns: 1672, Time: 00:01:34

Health: -3/18      AC:  6    Str: 15    XL:     3   Next: 79%
Magic:  0/7        EV: 11    Int: 15    God:
Gold:   105        SH:  0    Dex: 15    Spells: 6/6 levels left

rFire   x . .      SeeInvis .    a - +0 falchion
rCold   + . .      Faith    .    (no shield)
rNeg    . . .      Spirit   +    p - +2 leather armour "Ukihonol" {Harm Str+2 Int+2}
rPois   .          Reflect  .    (no helmet)
rElec   .          Harm     +    g - +0 cloak
rCorr   .          Rampage  .    (no gloves)
Will    .....                    (no boots)
Stlth   ++                       (no amulet)
HPRegen 0.23/turn                o - ring of ice
MPRegen 0.10/turn                q - +4 ring of protection

@: lethally poisoned (-3 -> -8), corroded
A: fangs 2, magic shield, antimagic bite, no potion heal 2
a: no special abilities


You were on level 3 of the Dungeon.
You visited 1 branch of the dungeon, and saw 3 of its levels.

You collected 105 gold pieces.

Inventory:

Hand Weapons
 a - a +0 falchion (weapon)
Missiles
 d - 7 boomerangs of dispersal (quivered)
 f - 4 boomerangs
 s - 3 poisoned darts
Armour
 b - a +0 leather armour
 g - a +0 cloak (worn)
 p - the +2 leather armour "Ukihonol" (worn) {Harm Str+2 Int+2}
   (You found it on level 2 of the Dungeon)

   Str:       It affects your strength (+2).
   Int:       It affects your intelligence (+2).
   Harm:      It increases damage dealt and taken.
Jewellery
 o - a ring of ice (left hand)
 q - a +4 ring of protection (right hand)
Scrolls
 c - a scroll of blinking
 i - 2 scrolls of poison {unknown}
 k - 2 scrolls of identify {unknown}
 n - 3 scrolls of teleportation {unknown}
Potions
 e - 4 potions of brilliance {unknown}
 h - 2 potions of curing {unknown}
 j - a potion of mutation {unknown}
 l - a potion of degeneration {unknown}
 m - a potion of ambrosia {unknown}
 r - a potion of lignification {unknown}


   Skills:
 - Level 1.7 Fighting
 + Level 2.9 Long Blades
 - Level 0.8 Throwing
 - Level 0.7 Armour
 - Level 1.5 Dodging
 * Level 2.5 Stealth
 - Level 2.1 Spellcasting
 - Level 3.0 Translocations


You had 6 spell levels left.
You didn't know any spells.
Your spell library contained the following spells:

 Spells                   Type           Power      Damage    Failure   Level
 Blink                    Tloc           20%        N/A       12%         2
 Lesser Beckoning         Tloc           20%        N/A       12%         2
 Teleport Other           Tloc           10%        N/A       24%         3
 Vhi's Electric Charge    Tloc/Air       12%        N/A       41%         3
 Manifold Assault         Tloc           10%        N/A       61%         4
 Summon Guardian Golem    Hex/Summ       1%         N/A       63%         3
 Orb of Destruction       Conj           0%         9d5       100%        7
 Spellforged Servitor     Conj/Summ      0%         N/A       100%        7


Dungeon Overview and Level Annotations

Branches:
Dungeon (3/15)

Altars:

Annotations:
D:3 Ijyb


Innate Abilities, Weirdness & Mutations

You have extremely sharp teeth.
When hurt, damage is shared between your health and your magic reserves.
Your bite disrupts and absorbs the magic of your enemies.
Potions cannot restore your health.


Message History

You feel invigorated.
The dart slug is severely wounded.
You hit the dart slug.
You kill the dart slug!
No target in view!
No target in view!
No target in view!
No target in view!
No target in view!
You see here a dart slug corpse.
Found a hand axe.
Found 6 stones.
No target in view!
e - 4 white potions (gained 1)
You pick up a book of Dangerous Friends and begin reading...
You add the spells Summon Guardian Golem, Orb of Destruction and Spellforged Servitor to your library.
Ijyb the Twisted Goblin comes into view.
She is wielding a +0 dagger of venom and carrying a wand of acid (5).
The helpless Ijyb fails to defend herself.
You slash Ijyb! You bite Ijyb, but do no damage.
Ijyb is heavily wounded.
Ijyb zaps a wand.
The bolt of acid hits you! The acid corrodes you!
You hit Ijyb but do no damage.
Ijyb is heavily wounded.
Ijyb zaps a wand.
The bolt of acid misses you. Ijyb barely misses you.
You completely miss Ijyb. Your bite misses Ijyb.
Ijyb is heavily wounded.
Ijyb hits you but does no damage.
You hit Ijyb.
Ijyb is heavily wounded.
Ijyb closely misses you.
You hit Ijyb but do no damage.
Ijyb is heavily wounded.
Ijyb hits you but does no damage.
You are poisoned.
You closely miss Ijyb. Your bite misses Ijyb.
Ijyb is heavily wounded.
You feel very sick.
Ijyb zaps a wand.
The bolt of acid hits you!
Ouch! That really hurt!
You die...

### #()####
#.#.#.####
#...#..#.####
####.#...#.).#.###
#......#...#..)...
##.##.#...#.†.#.###
#.@##...#..#.####
#g###.#.#.#### ...
#..#### ###. ####
.. .# .. .#


You could see Ijyb.

Vanquished Creatures
  3 dart slugs
  2 orcs (D:3)
  5 endoplasms
  3 giant cockroaches
  5 goblins
  4 hobgoblins
  A quokka (D:1)
  3 ball pythons
  2 bats (D:1)
  6 kobolds
  4 rats (D:2)
38 creatures vanquished.

Notes
Turn   | Place    | Note
-------+----------+-------------------------------------------
     0 | D:1      | Leeroy the Vine Stalker Warper began the quest for the Orb.
     0 | D:1      | Reached XP level 1. HP: 11/11 MP: 4/4
    95 | D:1      | Reached skill level 1 in Stealth
    95 | D:1      | Reached XP level 2. HP: 2/15 MP: 1/6
   355 | D:1      | Found a faded altar of an unknown god.
   782 | D:1      | Reached XP level 3. HP: 14/18 MP: 5/7
  1025 | D:2      | Identified the +2 leather armour "Ukihonol" {Harm Str+2
                  | Int+2}
  1664 | D:3      | Noticed Ijyb
  1672 | D:3      | Killed from afar by Ijyb

Illustrated notes

Levels and vault maps discovered:
D:1:      eino_arrival_water_cross, layout_basic,
          chequers_ecumenical_altar_simple_redux
D:2:      layout_rooms, minmay_pentomino_q2
D:3:      minmay_spotlight, layout_basic, grunt_temple_overflow_open,
          amcnicky_altar_gilded, grunt_ministairs_5, serial_bayou_pond_c,
          uniq_ijyb, uniq_grinder

Skill      XL: |  1  2 |
---------------+-------+-----
Long Blades    | 2 |  2.9
Stealth        | 1 2 |  2.5
Fighting       | |  1.7
Throwing       | |  0.8
Armour         | |  0.7
Dodging        | |  1.5
Spellcasting   | |  2.1
Translocations | |  3.0

Action                     || total
---------------------------++-------
  Melee: Falchion          ||    96
         Bite              ||    25
   Stab: Sleeping          ||     5
 Armour: Leather armour    ||    30
  Dodge: Dodged            ||    44

Table legend: (Time is in decaauts)
 A = Elapsed time spent in this place.
 B = Non-inter-level travel time spent in this place.
 C = Inter-level travel time spent in this place.
 D = Time resting spent in this place.
 E = Time spent auto-exploring this place.
 F = Levels seen in this place.
 G = Mean time per level.
                   A        B        C        D        E       F      G
               +--------+--------+--------+--------+--------+-----+--------+
         Total |   1688 |   1619 |     69 |      0 |   1307 |   3 |  562.7 |
       Dungeon |   1688 |   1619 |     69 |      0 |   1307 |   3 |  562.7 |
               +--------+--------+--------+--------+--------+-----+--------+

Top non-repeatable levels by time:
     D:1: 884 daAuts
     D:2: 522 daAuts
     D:3: 281 daAuts
